 Dungeon Crawl Stone Soup version 0.29-a0-845-g6161e89988 (webtiles) character file.

Game seed: 12467310792539534850

75 RevDB the Digger (level 4, 25/25 HPs)
             Began as a Gargoyle Earth Elementalist on July 14, 2022.
             Quit the game on level 2 of the Dungeon on July 15, 2022.
             The game lasted 00:23:57 (2010 turns).

RevDB the Digger (Gargoyle Earth Elementalist)      Turns: 2010, Time: 00:23:58

Health: 25/25      AC:  9    Str: 13    XL:     4   Next: 31%
Magic:  6/7        EV: 10    Int: 16    God:
Gold:   171        SH:  0    Dex: 10    Spells: 6/7 levels left

rFire   . . .      SeeInvis .   r - +1 dagger (freeze)
rCold   . . .      Faith    .   (no shield)
rNeg    + . .      Spirit   .   t - +0 ring mail
rPois   ∞          Reflect  .   (no helmet)
rElec   +          Harm     .   (no cloak)
rCorr   .          Rampage  .   (no gloves)
Will    .....                   k - +0 pair of boots
Stlth   +.........              (no amulet)
HPRegen 0.08/turn               (no ring)
MPRegen 0.10/turn               (no ring)

@: no status effects
A: sickness immunity, AC +3, negative energy resistance 1, electricity
resistance, torment resistance 1, petrification resistance
a: no special abilities


You were on level 2 of the Dungeon.
You visited 1 branch of the dungeon, and saw 2 of its levels.

You collected 171 gold pieces.

Inventory:

Hand Weapons
 f - a +0 dagger
 l - a +0 whip of pain
 r - a +1 dagger of freezing (weapon)
Missiles
 e - 3 boomerangs of dispersal
Armour
 a - a +0 robe
 k - a +0 pair of boots (worn)
 q - a +0 leather armour
 t - a +0 ring mail (worn)
Jewellery
 u - a ring of ice
 x - an amulet of the acrobat
Scrolls
 d - a scroll of enchant weapon {unknown}
 i - 2 scrolls of brand weapon {unknown}
 j - a scroll of noise {unknown}
 o - 2 scrolls of teleportation {unknown}
 v - a scroll of vulnerability {unknown}
 w - a scroll of identify {unknown}
Potions
 b - a potion of magic
 c - 4 potions of curing {unknown}
 g - a potion of might {unknown}
 h - a potion of ambrosia {unknown}
 m - 2 potions of invisibility {unknown}
 n - 3 potions of mutation {unknown}
 p - a potion of attraction {unknown}
 s - a potion of degeneration {unknown}
 z - 2 potions of heal wounds {unknown}


   Skills:
 - Level 1.0 Fighting
 - Level 1.0 Armour
 - Level 2.0 Dodging
 - Level 2.4 Stealth
 - Level 2.1 Spellcasting
 - Level 1.0 Transmutations
 + Level 5.1 Earth Magic


You had 6 spell levels left.
You knew the following spells:

 Your Spells              Type           Power      Damage    Failure   Level
a - Sandblast             Erth           36%        2d10      5%          1

Your spell library contained the following spells:

 Spells                   Type           Power      Damage    Failure   Level
 Passwall                 Tmut/Erth      9%         N/A       19%         2
 Stone Arrow              Conj/Erth      18%        3d8       41%         3
 Petrify                  Tmut/Erth      11%        N/A       77%         4
 Gell's Gravitas          Tloc           1%         N/A       78%         3
 Lesser Beckoning         Tloc           1%         N/A       78%         3
 Teleport Other           Tloc           1%         N/A       78%         3


Dungeon Overview and Level Annotations

Branches:
Dungeon (2/15)

Altars:


Innate Abilities, Weirdness & Mutations

You are immune to sickness and miasma.
Your stone body is resilient. (AC +3)
You are immune to poison.
You resist negative energy. (rN+)
You are resistant to electric shocks. (rElec)
You are resistant to unholy torment.
You are immune to petrification.


Message History

The giant cockroach misses you. The giant cockroach closely misses you.
You hit the giant cockroach. You freeze the giant cockroach.
The giant cockroach is severely wounded.
The giant cockroach barely misses you.
You closely miss the giant cockroach.
The giant cockroach is severely wounded.
The giant cockroach barely misses you.
You hit the giant cockroach but do no damage.
The giant cockroach is severely wounded.
The giant cockroach closely misses you.
You barely miss the giant cockroach.
The giant cockroach is severely wounded.
The giant cockroach closely misses you.
The giant cockroach bites you but does no damage.
You barely miss the giant cockroach.
The giant cockroach is severely wounded.
The giant cockroach bites you but does no damage.
You barely miss the giant cockroach.
The giant cockroach is severely wounded.
The giant cockroach bites you but does no damage.
You barely miss the giant cockroach.
The giant cockroach is severely wounded.
The giant cockroach bites you but does no damage.
You hit the giant cockroach but do no damage.
The giant cockroach is severely wounded.
The giant cockroach misses you.
You hit the giant cockroach. You freeze the giant cockroach.
You kill the giant cockroach!
You see here a giant cockroach corpse.
A hobgoblin comes into view.
The hobgoblin shouts!
Aiming: Sandblast (safe; 5% risk of failure)
Press: ? - help, Q - select action, (/) - cycle Shift-Dir - straight line, f - hobgoblin
Aim: a hobgoblin (79% to hit)
The blast of sand hits the hobgoblin.
You kill the hobgoblin!
You see here a hobgoblin corpse.
Unknown command.
Unknown command.
Are you sure you want to abandon this character and quit the game? (Confirm with "yes".)

##.#.##.# #..#
##.....#.##
#..#.#.# #.##
##...##.#.
##.###..# #.#
##'###.#. #.##
##)# #.#
#####†###.#.
##.###..# #.#
###.........##
#..#.#.# #.#
#............. #
#.#.##.# #.#
#.#.##....#.#. #
#......# #.#
#.#.#.....#.#.
#####.####
#@###.#.##........
.....(#
#.†.......#.#.#.##
#######
#####.#.#...#.#.#
# #.#...†.....# #
#.........### #
#######.### #
########### #.# #
#.........# #.# #
#.#######.#
####>#####


There were no monsters in sight!

Vanquished Creatures
  2 adders (D:2)
  A worm (D:2)
  3 dart slugs
  An orc (D:2)
  5 ball pythons
  2 endoplasms
  2 giant cockroaches (D:2)
  5 goblins
  7 hobgoblins
  A quokka (D:1)
  6 bats
  2 frilled lizards
  3 kobolds
  4 rats
  A toadstool (D:1)
45 creatures vanquished.

Vanquished Creatures (others)
  2 fungi (D:1)
  4 toadstools (D:1)
6 creatures vanquished.

Grand Total: 51 creatures vanquished

Notes
Turn   | Place    | Note
-------+----------+-------------------------------------------
     0 | D:1      | RevDB the Gargoyle Earth Elementalist began the quest for
                  | the Orb.
     0 | D:1      | Reached XP level 1. HP: 10/10 MP: 3/3
    83 | D:1      | Reached skill level 1 in Transmutations
    83 | D:1      | Reached XP level 2. HP: 8/15 MP: 1/5
   598 | D:1      | Reached skill level 4 in Earth Magic
   732 | D:1      | Reached XP level 3. HP: 18/19 MP: 4/6
  1277 | D:2      | Reached skill level 1 in Fighting
  1408 | D:2      | Found a faded altar of an unknown god.
  1566 | D:2      | Reached skill level 5 in Earth Magic
  1566 | D:2      | Reached XP level 4. HP: 19/25 MP: 7/7
  1701 | D:2      | Upgraded the game from 0.29-a0-841-g116ddc6ace to
                  | 0.29-a0-845-g6161e89988
  1704 | D:2      | Reached skill level 1 in Armour
  2010 | D:2      | Quit the game

Illustrated notes

Levels and vault maps discovered:
D:1:      dpeg_arrival_water_temple_mockup, layout_basic, minmay_misc_feat_x,
          minmay_gold_behind_fungi
D:2:      layout_loops_corners, hellmonk_ecumenical_altar_run_dry,
          minmay_split_cup_small

Skill      XL: |  1  2  3  4 |
---------------+-------------+-----
Transmutations | 1 |  1.0
Earth Magic    | 4 5 |  5.1
Dodging        | 2 |  2.0
Fighting       | 1 |  1.0
Armour         | 1 |  1.0
Stealth        | |  2.4
Spellcasting   | |  2.1

Action                   |  1- 3 |  4- 6 || total
-------------------------+-------+-------++-------
Melee: Dagger            |    58 |    13 ||    71
       Unarmed           |     5 |       ||     5
       Whip              |     5 |       ||     5
 Cast: Sandblast         |    35 |     8 ||    43
Armor: Robe              |    12 |       ||    12
       Leather armour    |    16 |       ||    16
       Ring mail         |       |     7 ||     7
Dodge: Dodged            |    52 |     9 ||    61

Table legend: (Time is in decaauts)
 A = Elapsed time spent in this place.
 B = Non-inter-level travel time spent in this place.
 C = Inter-level travel time spent in this place.
 D = Time resting spent in this place.
 E = Time spent auto-exploring this place.
 F = Levels seen in this place.
 G = Mean time per level.
                   A        B        C        D        E       F      G
               +--------+--------+--------+--------+--------+-----+--------+
         Total |   2053 |   1993 |     60 |    239 |    413 |   2 | 1026.5 |
       Dungeon |   2053 |   1993 |     60 |    239 |    413 |   2 | 1026.5 |
               +--------+--------+--------+--------+--------+-----+--------+

Top non-repeatable levels by time:
     D:1: 1183 daAuts
     D:2: 870 daAuts
